 Dungeon Crawl Stone Soup version 0.28.0 (webtiles) character file.

Game seed: 14315825430979228344

58 issech the Cudgeller (level 3, 0/36 HPs)
             Began as a Troll Monk on Feb 10, 2022.
             Succumbed to Crazy Yiuf's poison
             ... on level 2 of the Dungeon.
             The game lasted 00:04:29 (1583 turns).

issech the Cudgeller (Troll Monk)                   Turns: 1583, Time: 00:04:31

Health: 0/36       AC:  4    Str: 19    XL:     3   Next: 75%
Magic:  0/2        EV: 24    Int:  6    God:
Gold:   36         SH:  0    Dex: 14    Spells: 2/2 levels left

rFire   . . .      SeeInvis .   a - +0 mace
rCold   . . .      Faith    .   g - +0 kite shield
rNeg    . . .      Spirit   .   b - +0 robe
rPois   .          Reflect  .   (helmet restricted)
rElec   .          Harm     .   (no cloak)
rCorr   .          Rampage  .   (gloves unavailable)
Will    .....                   (boots unavailable)
Stlth   +.........              f - amulet of the acrobat
HPRegen 0.92/turn               (no ring)
MPRegen 0.08/turn               (no ring)

@: confused, lethally poisoned (0 -> -4), acrobatic
A: large, unfitting armour, claws 3, regeneration 1, shaggy fur 1, tough skin 1
a: no special abilities


You were on level 2 of the Dungeon.
You visited 1 branch of the dungeon, and saw 2 of its levels.

You collected 36 gold pieces.

Inventory:

Hand Weapons
 a - a +0 mace (weapon)
Missiles
 c - 33 bolts
 h - 25 stones (quivered)
 k - 15 arrows
Armour
 b - a +0 robe (worn)
 g - a +0 kite shield (worn)
Jewellery
 f - an amulet of the acrobat (around neck)
Wands
 m - a wand of flame (18)
Scrolls
 d - a scroll of summoning {unknown}
 j - a scroll of identify {unknown}
 l - a scroll of enchant armour {unknown}
 n - a scroll of vulnerability {unknown}
Potions
 e - a potion of brilliance {unknown}
 i - 2 potions of flight {unknown}


   Skills:
 + Level 2.5 Fighting
 + Level 3.4 Maces & Flails
 + Level 2.9 Dodging
 + Level 1.1 Stealth
 + Level 0.7 Shields


You had 2 spell levels left.
You didn't know any spells.
Your spell library was empty.

Dungeon Overview and Level Annotations

Branches:
Dungeon (2/15)

Altars:

Annotations:
D:2 Crazy Yiuf


Innate Abilities, Weirdness & Mutations

You are too large for most types of armour.
You have claws for hands.
Your natural rate of healing is unusually fast.
You are covered in fur. (AC +1)
You have tough skin. (AC +1)


Message History

Found a mace.
Crazy Yiuf shouts!
Crazy Yiuf yells, "Dawk sallow bag!"
You see here a +0 mace.
You see here a +0 mace.
Found three maces.
You see here a +0 mace.
You open the door. You barely miss Crazy Yiuf. Crazy Yiuf barely misses you.
Crazy Yiuf yells, "Nubble alas foot!"
Crazy Yiuf misses you.
You completely miss Crazy Yiuf.
Crazy Yiuf hits you with a +4 quarterstaff of chaos!
You are slowing down.
You barely miss Crazy Yiuf. You block Crazy Yiuf's attack.
Crazy Yiuf hits you with a +4 quarterstaff of chaos!
You are poisoned.
You have turned to stone.
Crazy Yiuf hits you with a +4 quarterstaff of chaos.
You are confused.
Crazy Yiuf hits you with a +4 quarterstaff of chaos!
Crazy Yiuf burns you.
Crazy Yiuf whimpers, "Hack poople shrimp!"
Crazy Yiuf hits you with a +4 quarterstaff of chaos!
You are more confused.
Crazy Yiuf hits you with a +4 quarterstaff of chaos.
Crazy Yiuf freezes you.
Crazy Yiuf hits you with a +4 quarterstaff of chaos.
Crazy Yiuf hits you with a +4 quarterstaff of chaos!
You feel your power leaking away.
Crazy Yiuf hits you with a +4 quarterstaff of chaos!
* * * LOW HITPOINT WARNING * * *
Crazy Yiuf freezes you.
Crazy Yiuf hits you with a +4 quarterstaff of chaos!
* * * LOW HITPOINT WARNING * * *
You turn to flesh and can move again.
* * * LOW HITPOINT WARNING * * *
You feel very sick.
You see here a +0 mace.
You die...

##.#.##.#########.# #
#.................####
###....##########.....
#....# #...†......##
♣....♣ #......>.#.##
♣♣..)♣ #........#.##
♣♣)♣♣ #........#.##
♣♣)♣ #.......##.##
♣@♣♣ #.......##...
♣♣)♣ #...........#
♣g♣♣ #.####.####.# #'#
#.####.# #.# )))
#...##.# #.# #)))#
#.#.##.####.# #).)#
#.>.........# #####
#......#.####
##..#.##.#


You could see Crazy Yiuf.

Vanquished Creatures
  An adder (D:2)
  2 worms (D:2)
  2 dart slugs (D:1)
  4 ball pythons
  A giant cockroach (D:2)
  5 goblins
  6 hobgoblins (D:1)
  2 quokkas (D:2)
  3 bats (D:1)
  5 frilled lizards
  5 kobolds
  3 rats
  A spectral goblin (D:1)
40 creatures vanquished.

Notes
Turn   | Place    | Note
-------+----------+-------------------------------------------
     0 | D:1      | issech the Troll Monk began the quest for the Orb.
     0 | D:1      | Reached XP level 1. HP: 22/22 MP: 0/0
   161 | D:1      | Reached XP level 2. HP: 27/29 MP: 1/1
   449 | D:1      | Reached skill level 3 in Maces & Flails
   472 | D:1      | Found a faded altar of an unknown god.
   944 | D:1      | Reached XP level 3. HP: 34/36 MP: 2/2
  1566 | D:2      | Found a runed translucent door.
  1567 | D:2      | Noticed Crazy Yiuf
  1583 | D:2      | Succumbed to Crazy Yiuf's poison

Illustrated notes

Levels and vault maps discovered:
D:1:      dpeg_arrival_rooms_a, layout_basic,
          dreamdust_ecumenical_altar_drowned_temple
D:2:      layout_loops_cross, roderic_roman_lattice, uniq_crazy_yiuf_cottage,
          uniq_sigmund

Skill      XL: |  1  2 |
---------------+-------+-----
Maces & Flails | 3 |  3.4
Fighting       | |  2.5
Dodging        | |  2.9
Stealth        | |  1.1
Shields        | |  0.7

Action                   || total
-------------------------++-------
Melee: Mace              ||   170
Armor: Robe              ||    59
Dodge: Dodged            ||   114
Block: Kite shield       ||    50
